 Dungeon Crawl Stone Soup version 0.23.2-11-gf996548c65 (webtiles) character file.

Game seed: 11404765886530967900

23719 MalarOregon the Grappler (level 13, -2/111 HPs)
             Began as a Ghoul Warper on June 5, 2019.
             Was an Elder of Makhleb.
             Slain by Snorg (7 damage)
             ... on level 3 of the Lair of Beasts.
             The game lasted 00:57:29 (16395 turns).

MalarOregon the Grappler (Ghoul Warper)            Turns: 16395, Time: 00:57:29

Health: -2/111     AC: 19    Str: 16      XL:     13   Next: 8%
Magic:  0/18       EV: 14    Int:  8 (10) God:    Makhleb [****..]
Gold:   759        SH:  4    Dex: 10      Spells: 6/16 levels left

rFire    . . .     SeeInvis .     - Unarmed
rCold    + . .     Gourm    .   K - +0 buckler
rNeg     + + +     Faith    .   x - +0 troll leather armour
rPois    ∞         Spirit   +   h - +1 helmet
rElec    .         Reflect  .   a - +0 cloak
rCorr    .         Harm     .   M - +0 pair of gloves
MR       .....                  N - +2 pair of boots
Stlth    ++++......             y - amulet of guardian spirit
HPRegen  0.00/turn              B - +4 ring of protection
MPRegen  0.16/turn              H - +2 ring of protection

@: rotting
A: rotting body, claws 1, carnivore, cold resistance 1, negative energy
resistance 3, inhibited regeneration, torment resistance, unbreathing
a: Minor Destruction, Lesser Servant of Makhleb, Major Destruction, Renounce
Religion


You were on level 3 of the Lair of Beasts.
You worshipped Makhleb.
Makhleb was greatly pleased with you.
You were not hungry.

You visited 3 branches of the dungeon, and saw 16 of its levels.

You collected 826 gold pieces.
You spent 67 gold pieces at shops.

Inventory:

Hand Weapons
 w - a +3 blowgun
   (You took it off Sonja on level 11 of the Dungeon)
Missiles
 k - 16 tomahawks
 o - a tomahawk of dispersal (quivered) {!f}
 q - 11 javelins
 F - 35 poisoned needles
 O - 11 curare-tipped needles {!f}
Armour
 a - a +0 cloak (worn)
   (You found it on level 10 of the Dungeon)
 h - a +1 helmet (worn)
   (You found it on level 3 of the Dungeon)
 x - a +0 troll leather armour (worn)
   (You found it on level 10 of the Dungeon)
 K - a +0 buckler (worn)
   (You found it on level 11 of the Dungeon)
 M - a +0 pair of gloves (worn)
   (You found it on level 6 of the Dungeon)
 N - a +2 pair of boots (worn)
   (You found it on level 11 of the Dungeon)
Jewellery
 y - an amulet of guardian spirit (around neck)
   (You found it on level 6 of the Dungeon)
 z - an uncursed ring of fire
   (You found it on level 7 of the Dungeon)
 B - a +4 ring of protection (left hand)
   (You found it on level 11 of the Dungeon)
 H - a +2 ring of protection (right hand)
   (You found it on level 9 of the Dungeon)
Wands
 d - a wand of iceblast (14)
   (You found it on level 11 of the Dungeon)
 t - a wand of flame (22)
   (You found it on level 8 of the Dungeon)
 u - a wand of paralysis (9)
   (You found it on level 2 of the Lair of Beasts)
 v - a wand of digging (5)
   (You took it off a crimson imp on level 8 of the Dungeon)
 L - a wand of enslavement (9)
   (You took it off Sonja on level 11 of the Dungeon)
 Q - a wand of polymorph (6)
   (You found it on level 3 of the Lair of Beasts)
Scrolls
 b - a scroll of brand weapon
 c - 2 scrolls of blinking
 g - 6 scrolls of magic mapping
 i - 3 scrolls of identify {@r1}
 j - 4 scrolls of enchant armour
 l - 5 scrolls of teleportation {@r4}
 m - 9 scrolls of remove curse {@r2}
 E - a scroll of immolation {!r}
 G - a scroll of fear
Potions
 f - 7 potions of degeneration {!q}
 n - 5 potions of curing {@q1}
 p - 2 potions of heal wounds {@q2}
 r - a potion of brilliance
 s - a potion of haste {@q3}
 A - 2 potions of cancellation
 C - 2 potions of magic
 D - a potion of might
 I - a potion of agility
 J - 2 potions of resistance
Comestibles
 e - 27 rations {!d}
 P - 2 chunks of flesh


   Skills:
 + Level 9.1 Fighting
 - Level 1.0 Throwing
 + Level 7.5 Armour
 + Level 7.5 Dodging
 + Level 9.1 Stealth
 + Level 3.1 Shields
 * Level 12.2 Unarmed Combat
 - Level 2.0 Spellcasting
 + Level 0.4 Conjurations
 + Level 0.3 Charms
 + Level 0.3 Necromancy
 - Level 3.0 Translocations
 + Level 0.4 Air Magic
 + Level 0.3 Poison Magic
 + Level 8.4 Invocations
 + Level 3.2 Evocations


You had 6 spell levels left.
You knew the following spells:

 Your Spells              Type           Power        Failure   Level  Hunger
a - Vampiric Draining     Necr           #.........   77%         3    ####...
b - Blink                 Tloc           N/A          21%         2    ###....
f - Mephitic Cloud        Conj/Pois/Air  #.......     77%         3    ####...
q - Shroud of Golubria    Chrm/Tloc      #.........   34%         2    ###....

Your spell library contained the following spells:

 Spells                   Type           Power        Failure   Level  Hunger
 Animate Skeleton         Necr           N/A          38%         1    ##.....
 Pain                     Necr           #...         38%         1    ##.....
 Sting                    Conj/Pois      #...         38%         1    ##.....
 Gell's Gravitas          Tloc           #.........   38%         3    ####...
 Lesser Beckoning         Tloc           #.........   38%         3    ####...
 Teleport Other           Tloc           #.......     38%         3    ####...
 Poisonous Vapours        Pois/Air       #.....       52%         2    ###....
 Recall                   Summ/Tloc      N/A          58%         3    ####...
 Regeneration             Chrm/Necr      #.........   77%         3    ####...
 Passage of Golubria      Tloc           N/A          80%         4    #####..
 Animate Dead             Necr           N/A          99%         4    #####..
 Olgreb's Toxic Radiance  Pois           #.......     99%         4    #####..
 Borgnjor's Vile Clutch   Necr/Erth      #.........   100%        5    ######.
 Venom Bolt               Conj/Pois      #.........   100%        5    ######.
 Death Channel            Necr           #.........   100%        6    #######
 Simulacrum               Ice/Necr       #.........   100%        6    #######


Dungeon Overview and Level Annotations

Branches:
Dungeon (12/15)            Temple (1/1) D:4            Lair (3/6) D:10
 Shoals (0/4) Lair:2
  Snake: Lair:2-4    Spider: Lair:2-4       Orc: D:9-12

Altars:
Ashenzari
Cheibriados
Dithmenos
Elyvilon
Fedhas
Gozag
Hepliaklqana
Kikubaaqudgha
Makhleb
Nemelex Xobeh
Okawaru
Qazlal
Ru
Sif Muna
Trog
Uskayaw
Vehumet
Wu Jian
Xom
Yredelemnul
Zin
The Shining One

Shops:
D:10 (

Annotations:
D:8 Harold
D:10 exclusion: oklob plant
Lair:3 Grendash's ghost, journeyman MiFi; Snorg


Innate Abilities, Weirdness & Mutations

Your body is rotting away.
You thrive on raw meat.
You are immune to poison.
You have sharp fingernails.
You are carnivorous and can eat meat at any time.
Your flesh is cold resistant. (rC+)
You are immune to negative energy. (rN+++)
You do not regenerate when monsters are visible.
You are immune to unholy pain and torment.
You can survive without breathing.


Message History

Your troll leather armour prevents you from hitting Snorg.
Snorg bites you! Snorg misses you. You block Snorg's attack.
The bullfrog hits your smoke demon.
Your smoke demon misses Snorg.
Your smoke demon closely misses Snorg.
Your smoke demon hits Snorg.
You catch the helpless Snorg completely off-guard!
You punch Snorg! Snorg closely misses you. Snorg barely misses you.
Snorg claws you but does no damage. The bullfrog hits your smoke demon.
You punch Snorg! Snorg closely misses you. Snorg claws you but does no damage.
You block Snorg's attack. The bullfrog hits your smoke demon.
Your smoke demon hits the bullfrog!
Your smoke demon closely misses the bullfrog.
Your smoke demon barely misses the bullfrog.
Snorg bites you but does no damage. Snorg barely misses you. Snorg misses you.
You hit Snorg but do no damage.
The bullfrog hits your smoke demon but does no damage.
Your smoke demon gestures at the bullfrog.
The ball of steam hits the bullfrog!
The bullfrog dies!
Makhleb accepts your kill. Snorg bites you but does no damage.
Snorg claws you but does no damage. Snorg claws you!
* * * LOW HITPOINT WARNING * * *
You closely miss Snorg. Snorg bites you.
* * * LOW HITPOINT WARNING * * *
Snorg claws you but does no damage. x2; Your smoke demon hits Snorg.
Your smoke demon completely misses Snorg.
Your smoke demon hits Snorg.
The hippogriff closely misses you.
The hippogriff pecks you but does no damage.
The hippogriff misses you.
You catch the helpless Snorg completely off-guard!
You pummel Snorg!!
Snorg is engulfed in a cloud of scalding steam.
Snorg closely misses you. Snorg claws you!
* * * LOW HITPOINT WARNING * * *
Snorg claws you!!
* * * LOW HITPOINT WARNING * * *
The hippogriff closely misses you. You block the hippogriff's attack.
The hippogriff barely misses you.
Your smoke demon hits Snorg. x3
Snorg bites your smoke demon!! Snorg claws your smoke demon.
Snorg claws your smoke demon!
Your smoke demon dies!
Snorg shouts!
A demon appears!
The hippogriff bites you but does no damage.
The hippogriff pecks you.
* * * LOW HITPOINT WARNING * * *
You block the hippogriff's attack. Snorg bites you.
* * * LOW HITPOINT WARNING * * *
Snorg claws you!
You die...

> #.... .. . .. ....# ..
. ##.... #...##....
...... #...#...#.
#.....# .. #.........
......#.# .. #...#.....
......#..##.# #.........
......# #...# #.@.......
#.....##.?:H.##TH....P#.
#.....#HH#.#$D#...3....≈
......#########†..(....♣
..............§.......≈≈
.....................♣≈≈
.....<......####....♣≈≈P
.........P.## ....♣≈≈≈
............... ...≈PP≈


You could see Snorg (berserk), a four-headed hydra, a hippogriff and a friendly
smoke demon.

Vanquished Creatures
  Gastronok (D:8)
  Josephine (D:10)
  3 hydras
  Sonja (D:11)
  An orange crystal statue (Lair:2)
  2 deep elf magi
  A manticore (D:10)
  An ugly thing (D:11)
  3 black mambas
  3 spiny frogs (Lair:2)
  3 gargoyles
  A komodo dragon (D:10)
  A troll (D:10)
  5 blink frogs (Lair:2)
  A snapping turtle (Lair:2)
  4 slime creatures
  4 hippogriffs
  A spriggan (D:10)
  Eustachio (D:6)
  A human (D:10)
  13 yaks
  3 hungry ghosts
  3 wraiths (D:10)
  2 basilisks
  2 vampire mosquitoes (D:11)
  3 water moccasins
  8 porcupines
  3 ice beasts
  3 phantoms
  8 orc warriors
  An eye of draining (D:9)
  2 sky beasts
  5 ogres
  A black bear (D:10)
  3 necrophages
  4 centaurs
  5 crocodiles
  5 big kobolds
  4 bullfrogs
  A gnoll sergeant (D:11)
  3 scorpions
  A water moccasin skeleton (D:9)
  A wight (D:12)
  6 crimson imps
  2 lava snakes (Lair:2)
  A quasit (D:8)
  5 jellies
  6 hounds
  8 orc priests
  2 centaur skeletons
  2 iguanas
  11 orc wizards
  10 worker ants
  A killer bee zombie (D:6)
  3 hound skeletons
  11 gnolls
  19 adders
  5 shadow imps
  3 oozes
  An adder zombie (D:8)
  3 adder skeletons
  2 worms
  3 dart slugs
  6 leopard geckos
  38 orcs
  5 ball pythons
  6 bats
  2 giant cockroaches
  5 goblins
  4 hobgoblins
  17 jackals
  3 frilled lizards
  36 kobolds
  A leopard gecko skeleton (D:5)
  6 rats
  3 fungi (Lair:2)
  3 plants
362 creatures vanquished.

Vanquished Creatures (collateral kills)
  A hydra (D:11)
  A bullfrog (Lair:3)
2 creatures vanquished.

Vanquished Creatures (others)
  A wraith (D:10)
  A gnoll sergeant (D:12)
  A hound (D:10)
  A bullfrog skeleton (D:10)
  A fungus (Lair:2)
  3 plants
8 creatures vanquished.

Grand Total: 372 creatures vanquished

Notes
Turn   | Place    | Note
-------+----------+-------------------------------------------
     0 | D:1      | MalarOregon the Ghoul Warper began the quest for the Orb.
     0 | D:1      | Reached XP level 1. HP: 17/17 MP: 2/2
    56 | D:1      | Reached skill level 1 in Armour
    64 | D:1      | Reached XP level 2. HP: 25/25 MP: 3/3
   329 | D:1      | Reached XP level 3. HP: 22/30 MP: 4/4
   439 | D:1      | Reached skill level 3 in Unarmed Combat
   703 | D:2      | Reached XP level 4. HP: 7/37 MP: 5/5
   961 | D:2      | Found a sacrificial altar of Ru.
  2241 | D:3      | Found an ancient bone altar of Kikubaaqudgha.
  2243 | D:3      | Reached XP level 5. HP: 45/45 MP: 6/6
  2419 | D:3      | Reached skill level 4 in Unarmed Combat
  2640 | D:3      | Found a glowing golden altar of the Shining One.
  2821 | D:4      | Found a staircase to the Ecumenical Temple.
  2865 | Temple   | Entered the Ecumenical Temple
  2926 | Temple   | Became a worshipper of Makhleb the Destroyer
  3113 | Temple   | Reached XP level 6. HP: 51/51 MP: 7/7
  3149 | D:4      | Learned a level 2 spell: Blink
  3152 | D:4      | Learned a level 2 spell: Shroud of Golubria
  3156 | D:4      | Learned a level 3 spell: Vampiric Draining
  3216 | D:4      | Found a stormy altar of Qazlal.
  3216 | D:4      | Found a blossoming altar of Fedhas.
  3254 | D:4      | Reached skill level 1 in Invocations
  3372 | D:4      | Reached skill level 1 in Stealth
  3544 | D:4      | Found a snail-covered altar of Cheibriados.
  3544 | D:4      | Found a sparkling altar of Nemelex Xobeh.
  3665 | D:4      | Found a deep blue altar of Sif Muna.
  3806 | D:5      | Entered Level 5 of the Dungeon
  3834 | D:5      | Noticed a sky beast
  3960 | D:5      | Reached skill level 5 in Unarmed Combat
  4030 | D:5      | Killed a sky beast
  4030 | D:5      | Reached XP level 7. HP: 48/59 MP: 8/8
  4688 | D:5      | Found a glowing golden altar of the Shining One.
  4915 | D:5      | Found a hide-covered altar of Uskayaw.
  4951 | D:6      | Noticed Eustachio
  5020 | D:6      | Reached * piety under Makhleb
  5057 | D:6      | Reached XP level 8. HP: 29/67 MP: 9/9
  5257 | D:6      | Reached skill level 6 in Unarmed Combat
  6084 | D:7      | Reached skill level 5 in Fighting
  6256 | D:7      | Reached skill level 7 in Unarmed Combat
  6271 | D:7      | Reached XP level 9. HP: 22/74 MP: 4/10
  7298 | D:6      | Killed Eustachio
  7667 | D:8      | Reached ** piety under Makhleb
  7928 | D:8      | Noticed Harold
  8008 | D:8      | Reached skill level 5 in Stealth
  8008 | D:8      | Reached skill level 8 in Unarmed Combat
  8016 | D:8      | Noticed Gastronok
  8423 | D:8      | Killed Gastronok
  8423 | D:8      | Reached skill level 5 in Armour
  8423 | D:8      | Reached skill level 5 in Dodging
  8423 | D:8      | Reached skill level 9 in Unarmed Combat
  8423 | D:8      | Reached skill level 5 in Invocations
  8423 | D:8      | Reached XP level 10. HP: 84/84 MP: 6/13
  9448 | D:9      | Found a shattered altar of Ashenzari.
  9691 | D:9      | Found a white marble altar of Elyvilon.
  9911 | D:10     | Entered Level 10 of the Dungeon
  9912 | D:10     | Noticed a deep elf mage
 10213 | D:10     | Noticed a manticore
 10244 | D:10     | Noticed a gargoyle
 10264 | D:10     | Killed a gargoyle
 10410 | D:10     | Noticed Josephine
 10452 | D:10     | Reached *** piety under Makhleb
 10468 | D:10     | Noticed an oklob plant
 10524 | D:10     | Reached skill level 10 in Unarmed Combat
 10524 | D:10     | Reached XP level 11. HP: 50/91 MP: 8/14
 10781 | D:10     | Killed Josephine
 11310 | D:10     | Killed a deep elf mage
 11372 | D:10     | Got a polished cloak
 11404 | D:10     | Identified the +1 cloak "Saumm" {rElec rC+ MR+++ Slay-6}
                  | (You found it on level 10 of the Dungeon)
 11704 | D:10     | Found a staircase to the Lair.
 11721 | D:10     | Found Ypepeva's Weapon Shoppe.
 11888 | D:10     | Killed a manticore
 12242 | D:11     | Noticed a two-headed ogre
 12337 | D:10     | Reached skill level 11 in Unarmed Combat
 12385 | D:11     | Reached **** piety under Makhleb
 12596 | D:10     | Bought 8 curare-tipped needles for 67 gold pieces
 12646 | D:11     | Noticed a cyan ugly thing
 12993 | D:12     | Reached skill level 1 in Evocations
 13026 | D:12     | Noticed a cyclops
 13065 | D:12     | Noticed a six-headed hydra
 13149 | D:11     | Reached XP level 12. HP: 101/102 MP: 10/16
 13234 | D:11     | Reached skill level 1 in Shields
 13349 | D:12     | Noticed a tengu warrior
 13380 | D:11     | Killed a six-headed hydra
 13382 | D:11     | Noticed Sonja
 13404 | D:11     | Killed Sonja
 13531 | D:12     | Noticed a sphinx
 13836 | Lair:1   | Entered Level 1 of the Lair of Beasts
 14687 | Lair:2   | Noticed a six-headed hydra
 14862 | Lair:2   | Learned a level 3 spell: Mephitic Cloud
 15043 | Lair:2   | Reached skill level 12 in Unarmed Combat
 15273 | Lair:2   | Noticed a five-headed hydra
 15310 | Lair:2   | Found a staircase to the Shoals.
 15623 | Lair:2   | Killed a six-headed hydra
 15646 | Lair:2   | Killed a five-headed hydra
 15966 | Lair:2   | Noticed a seven-headed hydra
 16034 | Lair:2   | Reached XP level 13. HP: 111/111 MP: 16/18
 16275 | Lair:3   | Reached skill level 1 in Throwing
 16360 | Lair:3   | Noticed a minotaur
 16360 | Lair:3   | Noticed Grendash's ghost (journeyman MiFi)
 16372 | Lair:3   | Noticed Snorg
 16395 | Lair:3   | HP: 5/111 [Snorg (3)]
 16395 | Lair:3   | Slain by Snorg

Skill      XL: |  1  2  3  4  5  6  7  8  9 10 11 12 13 |
---------------+----------------------------------------+-----
Armour         | 1 2 3 5 6 7 |  7.5
Dodging        | 2 3 4 5 6 7 |  7.5
Unarmed Combat | 3 4 5 7 9 10 11 12 | 12.2
Fighting       | 3 4 5 6 7 8 9 |  9.1
Invocations    | 1 2 3 5 6 7 8 |  8.4
Stealth        | 1 2 4 5 6 8 9 |  9.1
Evocations     | 1 3 |  3.2
Shields        | 3 |  3.1
Spellcasting   | 2 |  2.0
Translocations | 3 |  3.0
Throwing       | 1 |  1.0
Conjurations   | |  0.4
Charms         | |  0.3
Necromancy     | |  0.3
Air Magic      | |  0.4
Poison Magic   | |  0.3

Action                   |  1- 3 |  4- 6 |  7- 9 | 10-12 | 13-15 || total
-------------------------+-------+-------+-------+-------+-------++-------
Melee: Unarmed           |   127 |   275 |   590 |  1154 |    53 ||  2199
       Punch             |       |     3 |    13 |    32 |       ||    48
 Fire: Blowgun           |       |       |       |     1 |       ||     1
Throw: Javelin           |       |       |     3 |     4 |       ||     7
       Tomahawk          |       |       |    29 |    37 |       ||    66
 Cast: Shroud of Golubri |       |       |     1 |       |       ||     1
Invok: Lesser Servant of |       |       |       |     3 |     2 ||     5
Evoke: Wand              |       |       |     5 |    23 |     4 ||    32
  Use: Scroll            |       |     6 |     6 |    10 |       ||    22
       Potion            |       |     4 |     1 |     6 |       ||    11
 Stab: Sleeping          |       |     1 |     5 |    13 |     1 ||    20
       Distracted        |       |       |     1 |     5 |     2 ||     8
  Eat: Chunk             |     9 |     9 |    30 |    48 |       ||    96
       Ration            |       |       |     1 |       |       ||     1
Armor: Leather armour    |    37 |    49 |   217 |   107 |       ||   410
       Troll leather arm |       |       |       |   280 |    35 ||   315
Dodge: Dodged            |    74 |   167 |   485 |   750 |    46 ||  1522
Block: Buckler           |       |       |       |    76 |    12 ||    88
